 Dungeon Crawl Stone Soup version 0.27-a0-760-gc38aae387d (webtiles) character file.

Game seed: 9889985641929024184

15 Lanoc the Grave Robber (level 2, -2/20 HPs)
             Began as a Palentonga Necromancer on Mar 25, 2021.
             Slain by a kobold
             ... wielding a +0 short sword
              (3 damage)
             ... on level 1 of the Dungeon.
             The game lasted 00:01:52 (753 turns).

Lanoc the Grave Robber (Palentonga Necromancer)      Turns: 753, Time: 00:01:53

Health: -2/20      AC:  4    Str: 11    XL:     2   Next: 34%
Magic:  0/5        EV:  9    Int: 15    God:
Gold:   76         SH:  3    Dex: 10    Spells: 3/5 levels left

rFire    . . .     SeeInvis +   (no weapon)
rCold    . . .     Faith    .   c - +0 buckler
rNeg     . . .     Spirit   .   a - +0 robe
rPois    .         Reflect  .   (no helmet)
rElec    .         Harm     .   (no cloak)
rCorr    .         Rampage  .   (no gloves)
Will     .....                  (no barding)
Stlth    +.........             (no amulet)
HPRegen  0.06/turn              (no ring)
MPRegen  0.09/turn              (no ring)

@: no status effects
A: large, rugged brown scales 3, see invisible, deformed body, roll 1, armoured
tail
a: Rolling Charge


You were on level 1 of the Dungeon.
You visited 1 branch of the dungeon, and saw 1 of its levels.

You collected 76 gold pieces.

Inventory:

Armour
 a - a +0 robe (worn)
 c - a +0 buckler (worn)
Scrolls
 b - a scroll of fear {unknown}


   Skills:
 + Level 1.9 Dodging
 - Level 1.2 Stealth
 + Level 0.2 Shields
 - Level 2.0 Spellcasting
 * Level 4.4 Necromancy


You had 3 spell levels left.
You knew the following spells:

 Your Spells              Type           Power      Damage    Failure   Level
a - Pain                  Necr           56%        1d6       6%          1
b - Animate Skeleton      Necr           28%        N/A       6%          1

Your spell library contained the following spells:

 Spells                   Type           Power      Damage    Failure   Level
 Vampiric Draining        Necr           7%         2d7       17%         3
 Animate Dead             Necr           7%         N/A       50%         4
 Agony                    Necr           14%        N/A       85%         5


Dungeon Overview and Level Annotations

Branches:
Dungeon (1/15)

Altars:

Shops:
D:1 =


Innate Abilities, Weirdness & Mutations

You are completely covered in rugged brown scales. (AC +3, +7% HP)
You have supernaturally acute eyesight. (SInv)
Armour fits poorly on your strangely shaped body.
You can roll at nearby foes to attack.
You have a long armoured tail.


Message History

The giant cockroach writhes in agony.
You kill the giant cockroach!
The giant cockroach barely misses you.
The giant cockroach waves its antennae.
You see here a +0 dagger.
The giant cockroach completely misses you.
The giant cockroach bites you but does no damage.
The giant cockroach barely misses you. The giant cockroach bites you.
* * * LOW HITPOINT WARNING * * *
Casting: Pain (safe; 6% risk of failure)
Confirm with . or Enter, or press ? or * to list all spells.
Aiming: Pain (safe; 6% risk of failure)
Press: ? - help, Shift-Dir - straight line, f - giant cockroach
Aim: a giant cockroach (chance to affect: 85%)
The giant cockroach writhes in agony.
You block the giant cockroach's attack.
Casting: Pain (safe; 6% risk of failure)
Confirm with . or Enter, or press ? or * to list all spells.
Aiming: Pain (safe; 6% risk of failure)
Press: ? - help, Shift-Dir - straight line, f/p - giant cockroach
Aim: a giant cockroach (moderately wounded, chance to affect: 85%)
The giant cockroach writhes in agony.
You kill the giant cockroach!
There is a stone staircase leading down here.
Really walk into that dispersal trap?
You enter a dispersal trap!
The kobold blinks!
You blink.
Casting: Pain (safe; 6% risk of failure)
Confirm with . or Enter, or press ? or * to list all spells.
Aiming: Pain (safe; 6% risk of failure)
Press: ? - help, Shift-Dir - straight line, f - kobold
Aim: a kobold, wielding a +0 short sword (chance to affect: 85%)
The kobold writhes in agony.
The kobold closely misses you.
Casting: Pain (safe; 6% risk of failure)
Confirm with . or Enter, or press ? or * to list all spells.
Aiming: Pain (safe; 6% risk of failure)
Press: ? - help, Shift-Dir - straight line, f/p - kobold
Aim: a kobold, wielding a +0 short sword (moderately wounded, chance to affect: 85%)
The kobold barely resists.
The kobold hits you with a +0 short sword.
You die...

# ############ #
#..........# ####
#..........# .>.#
###..........# ##.###
###............# #...#
###...#####.######
###.# ##>...K@......#
#.# ##..#.########'##
#.####^....#.........#
#......#..##.........#
##.#####...+.........#
#.........#.........#
#.#########.........#
#.# #..'.#.........#
#.# #..#'#.)...(...#


You could see a kobold.

Vanquished Creatures
  A ball python (D:1)
  3 bats (D:1)
  2 endoplasms (D:1)
  3 giant cockroaches (D:1)
  A frilled lizard (D:1)
  2 kobolds (D:1)
  A rat (D:1)
13 creatures vanquished.

Notes
Turn   | Place    | Note
-------+----------+-------------------------------------------
     0 | D:1      | Lanoc the Palentonga Necromancer began the quest for the
                  | Orb.
     0 | D:1      | Reached XP level 1. HP: 13/13 MP: 3/3
    67 | D:1      | Learned a level 1 spell: Animate Skeleton
   520 | D:1      | Found Kaonuo's Jewellery Emporium.
   525 | D:1      | Reached XP level 2. HP: 20/20 MP: 3/5
   753 | D:1      | Slain by a kobold

Illustrated notes

Levels and vault maps discovered:
D:1:      evilmike_arrival_fibonacci_small, layout_rooms, serial_shops,
          nicolae_shop_trees, minmay_split_cup_large

Action                   || total
-------------------------++-------
Melee: Unarmed           ||    13
 Cast: Pain              ||    26
Armor: Robe              ||    23
Dodge: Dodged            ||    30
Block: Buckler           ||    11

Table legend: (Time is in decaauts)
 A = Elapsed time spent in this place.
 B = Non-inter-level travel time spent in this place.
 C = Inter-level travel time spent in this place.
 D = Time resting spent in this place.
 E = Time spent auto-exploring this place.
 F = Levels seen in this place.
 G = Mean time per level.
                   A        B        C        D        E       F      G
               +--------+--------+--------+--------+--------+-----+--------+
         Total |    753 |    753 |      0 |      0 |    589 |   1 |  753.0 |
       Dungeon |    753 |    753 |      0 |      0 |    589 |   1 |  753.0 |
               +--------+--------+--------+--------+--------+-----+--------+

Top non-repeatable levels by time:
     D:1: 753 daAuts
